 Dungeon Crawl Stone Soup version 0.30.0 (webtiles) character file.

Game seed: 2836970737452556312

11652 meatpath the Fighter (level 11, -10/107 HPs)
             Began as a Minotaur Berserker on May 6, 2023.
             Was a High Priest of Trog.
             Mangled by an enormous slime creature (74 damage)
             ... on level 12 of the Dungeon.
             The game lasted 00:23:59 (8984 turns).

meatpath the Fighter (Minotaur Berserker)           Turns: 8984, Time: 00:24:00

Health: -10/107    AC: 20    Str: 24    XL:     11   Next: 52%
Magic:  10/10      EV:  8    Int:  6    God:    Trog [*****.]
Gold:   505        SH:  0    Dex: 10    Spells: 10/10 levels left

rFire   . . .        j - +4 executioner's axe (elec)
rCold   . . .        (shield currently unavailable)
rNeg    . . .        C - +1 plate armour
rPois   +            (helmet restricted)
rElec   .            w - +1 cloak
rCorr   +            (no gloves)
SInv    .            y - +0 pair of boots
Will    .....        p - amulet of regeneration Stlth
                     r - ring of poison resistance
HPRegen 1.17/turn    n - ring of resist corrosion
MPRegen 0.12/turn

%: no passive effects
@: no status effects
A: horns 2, retaliatory headbutt
a: Renounce Religion, Berserk, Trog's Hand, Brothers in Arms


You were on level 12 of the Dungeon.
You worshipped Trog.
Trog was extremely pleased with you.
You visited 1 branch of the dungeon, and saw 12 of its levels.

You collected 583 gold pieces.
You spent 78 gold pieces at shops.

Inventory:

Hand Weapons
 j - a +4 executioner's axe of electrocution (weapon)
 A - a +1 heavy broad axe
Missiles
 u - 2 throwing nets (quivered)
Armour
 k - a +0 tower shield
 w - a +1 cloak (worn)
 y - a +0 pair of boots (worn)
 C - a +1 plate armour (worn)
Jewellery
 n - a ring of resist corrosion (right hand)
 o - a +6 ring of strength
 p - an amulet of regeneration (around neck)
 r - a ring of poison resistance (left hand)
Wands
 b - a wand of paralysis (17)
 f - a wand of acid (12)
 m - a wand of iceblast (11)
 x - a wand of flame (85)
 I - a wand of mindburst (19)
Scrolls
 a - 2 scrolls of butterflies
 c - 3 scrolls of fear
 g - 2 scrolls of noise
 h - 6 scrolls of teleportation
 q - a scroll of poison
 v - 3 scrolls of magic mapping
 D - a scroll of fog
Potions
 d - 5 potions of heal wounds
 e - 5 potions of curing
 i - 2 potions of attraction
 l - a potion of might {unknown}
 s - a potion of resistance
 t - a potion of ambrosia
 B - 2 potions of cancellation
 E - 3 potions of flight {unknown}
 F - 4 potions of haste {unknown}
 G - 2 potions of magic {unknown}
 H - 2 potions of lignification {unknown}
 K - a potion of invisibility {unknown}
 M - a potion of berserk rage {unknown}


   Skills:
 + Level 13.1 Fighting
 + Level 13.1 Axes
 + Level 11.4 Armour
 - Level 2.1 Dodging
 - Level 6.1 Shields


You had 10 spell levels left.
You didn't know any spells.
Your spell library was empty.

Dungeon Overview and Level Annotations

Branches:
Dungeon (12/15)            Temple (0/1) D:4            Lair (0/5) D:9
    Orc (0/2) D:9

Altars:
Ashenzari
Makhleb
Okawaru
Ru
Sif Muna
Uskayaw
Zin

Shops:
D:4 *   D:10 *

Annotations:
D:8 3 runed translucent doors, Kitze's ghost, novice DsFi
D:10 3 runed translucent doors, dialectric's ghost, novice DsFi
D:11 2 exclusions


Innate Abilities, Weirdness & Mutations

You have a pair of horns on your head.
You reflexively headbutt those who attack you in melee.


Message History

You feel as though you will be slow longer.
The wraith closely misses you. You furiously retaliate!
You headbutt the wraith.
You destroy the wraith!
Trog accepts your kill.
Items here: (( )) †.
You start waiting.
You feel yourself speed up.
Found a scroll of teleportation.
Found 20 gold pieces.
h - 6 scrolls of teleportation (gained 1)
You now have 505 gold pieces (gained 20).
A slime creature comes into view.
The slime creature moves out of view.
A slime creature comes into view.
The slime creature quivers. 2 slime creatures come into view.
The slime creature quivers. x2
The slime creature hits you but does no damage.
You completely miss the slime creature.
Your headbutt misses the slime creature.
The slime creature hits you but does no damage.
Two slime creatures merge to form a large slime creature.
Two slime creatures merge to form a very large slime creature.
You barely miss the very large slime creature.
Two slime creatures merge to form an enormous slime creature.
You slash the enormous slime creature!
You headbutt the enormous slime creature.
The enormous slime creature is lightly wounded.
The enormous slime creature hits you but does no damage.
You barely miss the enormous slime creature.
You headbutt the enormous slime creature.
The enormous slime creature is lightly wounded.
The enormous slime creature hits you!!!
You hear an angry buzzing noise. x3
You slice the enormous slime creature!!
The enormous slime creature is lightly wounded.
The enormous slime creature hits you!!!!
Ouch! That really hurt!
You die...

.#.#.#.#
#.##..##.#
.#..#..#
#.##.....#
.#.###.##
#........#
..## ##.#
#.###.##.#
.#.###.##
.....#.# #
.##.#..#
#.###.#.#
.......# #.
#...#
###.####
#.###.###
#.# #....@#
##.##
###.##J#
##...#####
#. ...
...........
. .....
##...######
## ..####
##.## .##
#... ##
####. #


You could see an enormous slime creature.

Vanquished Creatures
  An ogre mage (D:11)
  A death yak (D:9)
  2 two-headed ogres
  Pikel (D:9)
  A cyclops (D:11)
  Maggie (D:6)
  2 kobold demonologists (D:12)
  A hornet (D:8)
  Sigmund (D:4)
  A shadow (D:10)
  5 yaks (D:9)
  2 wyverns (D:9)
  3 vampire mosquitoes (D:10)
  A wraith (D:12)
  The ghost of Jackthecabe the Slasher, an amateur GnRe (D:3)
  4 steam dragons
  The ghost of voltaire321 the Stinger, an amateur OpVM (D:4)
  3 acid dragons
  2 water moccasins
  Duvessa (D:7)
  A sky beast (D:6)
  3 black bears
  An ice beast (D:4)
  5 orc warriors
  2 ogres
  4 centaurs
  4 kobold brigands
  Blork the orc (D:4)
  2 bullfrogs
  A gnoll sergeant (D:7)
  5 scorpions
  5 wights (D:9)
  Dowan (D:7)
  12 killer bees
  7 howler monkeys
  3 hounds
  A jelly (D:5)
  4 orc priests
  2 sleepcaps
  Crazy Yiuf (D:5)
  5 iguanas
  Ijyb (D:4)
  10 orc wizards
  4 gnolls (D:7)
  4 adders
  A worm (D:5)
  6 dart slugs
  34 orcs
  9 ball pythons
  8 bats
  6 endoplasms
  5 giant cockroaches
  9 goblins
  10 hobgoblins
  8 jackals
  3 quokkas
  2 frilled lizards
  14 kobolds
  7 rats
246 creatures vanquished.

Vanquished Creatures (others)
  2 withered plants (D:3)
2 creatures vanquished.

Grand Total: 248 creatures vanquished

Notes
Turn   | Place    | Note
-------+----------+-------------------------------------------
     0 | D:1      | meatpath the Minotaur Berserker began the quest for the
                  | Orb.
     0 | D:1      | Reached XP level 1. HP: 19/19 MP: 0/0
   311 | D:1      | Reached XP level 2. HP: 26/27 MP: 1/1
   613 | D:1      | Reached ** piety under Trog
   616 | D:1      | Reached XP level 3. HP: 29/33 MP: 2/2
  1667 | D:3      | Reached skill level 1 in Shields
  1667 | D:3      | Reached XP level 4. HP: 41/41 MP: 3/3
  1891 | D:3      | Found a runed translucent door.
  1891 | D:3      | Noticed Jackthecabe's ghost (amateur GnRe)
  2294 | D:4      | Noticed Sigmund
  2300 | D:4      | Killed Sigmund
  2301 | D:4      | Reached skill level 5 in Fighting
  2301 | D:4      | Reached skill level 5 in Axes
  2301 | D:4      | Reached XP level 5. HP: 48/48 MP: 4/4
  2468 | D:4      | Noticed Blork the orc
  2480 | D:4      | Killed Blork the orc
  2481 | D:4      | Reached XP level 6. HP: 52/57 MP: 5/5
  2536 | D:4      | Reached *** piety under Trog
  2555 | D:4      | Found a broken altar of Ashenzari.
  2594 | D:4      | Found a staircase to the Ecumenical Temple.
  2605 | D:4      | Found a transporter.
  2607 | D:4      | Noticed Ijyb
  2620 | D:4      | Killed Ijyb
  2635 | D:4      | Noticed an orc warrior
  2635 | D:4      | Noticed voltaire321's ghost (amateur OpVM)
  2636 | D:4      | Found a transporter.
  2670 | D:4      | Noticed a water moccasin
  2682 | D:4      | Killed a water moccasin
  2683 | D:4      | Reached XP level 7. HP: 63/63 MP: 6/6
  2736 | D:3      | Killed Jackthecabe's ghost
  2807 | D:4      | Reached skill level 5 in Shields
  2845 | D:4      | Found Jiunuh's General Store.
  2872 | D:4      | Bought 3 scrolls of identify for 78 gold pieces
  3239 | D:4      | Identified a scroll of acquirement
  3240 | D:4      | Acquired a +2 executioner's axe of electrocution
  3276 | D:4      | Killed voltaire321's ghost
  3277 | D:4      | Reached XP level 8. HP: 73/73 MP: 7/7
  3350 | D:5      | Entered Level 5 of the Dungeon
  3838 | D:5      | Found a runed translucent door.
  3839 | D:5      | Noticed Crazy Yiuf
  3845 | D:5      | Killed Crazy Yiuf
  4255 | D:6      | Noticed Maggie
  4261 | D:6      | Killed Maggie
  4262 | D:6      | Reached skill level 5 in Armour
  4432 | D:6      | Reached XP level 9. HP: 78/82 MP: 8/8
  4831 | D:6      | Found a shimmering blue altar of Sif Muna.
  4873 | D:6      | Reached **** piety under Trog
  5227 | D:7      | Noticed a two-headed ogre
  5244 | D:7      | Killed a two-headed ogre
  5245 | D:7      | Reached skill level 10 in Fighting
  5245 | D:7      | Reached skill level 10 in Axes
  5508 | D:7      | Noticed Dowan
  5510 | D:7      | Noticed Duvessa
  5550 | D:7      | Killed Duvessa
  5567 | D:7      | Killed Dowan
  5568 | D:7      | Reached XP level 10. HP: 81/94 MP: 9/9
  5930 | D:8      | Noticed a manticore
  5931 | D:8      | Found a runed translucent gate.
  5975 | D:8      | Noticed Kitze's ghost (novice DsFi)
  6244 | D:8      | Found a runed translucent gate.
  6244 | D:8      | Found a runed translucent gate.
  6631 | D:9      | Noticed Pikel
  6642 | D:9      | Killed Pikel
  6650 | D:9      | Noticed a death yak
  6679 | D:9      | Killed a death yak
  6723 | D:9      | Found a staircase to the Lair.
  6743 | D:9      | Found a hide-covered altar of Uskayaw.
  6756 | D:9      | Noticed a two-headed ogre
  6767 | D:9      | Killed a two-headed ogre
  6772 | D:9      | Reached skill level 10 in Armour
  6901 | D:9      | Reached ***** piety under Trog
  6956 | D:9      | Reached XP level 11. HP: 104/104 MP: 10/10
  7000 | D:9      | Found a staircase to the Orcish Mines.
  7354 | D:10     | Entered Level 10 of the Dungeon
  7430 | D:10     | Found a burning altar of Makhleb.
  7433 | D:10     | Found a glowing silver altar of Zin.
  7436 | D:10     | Found an iron altar of Okawaru.
  7439 | D:10     | Found a sacrificial altar of Ru.
  7510 | D:10     | Found Nuiraz's General Store.
  7676 | D:10     | Found a runed translucent gate.
  7676 | D:10     | Found a runed translucent gate.
  7676 | D:10     | Found a runed translucent gate.
  7678 | D:10     | Noticed an eight-headed hydra
  7678 | D:10     | Noticed dialectric's ghost (novice DsFi)
  8231 | D:11     | Identified the +1 robe of Fun {Int+3}
  8431 | D:11     | Noticed an ogre mage
  8439 | D:11     | Killed an ogre mage
  8443 | D:11     | Noticed a four-headed hydra
  8984 | D:12     | Mangled by an enormous slime creature

Illustrated notes

Levels and vault maps discovered:
D:1:      dpeg_arrival_central, layout_loops_ring, minmay_cupped
D:2:      layout_basic, ebering_dispersal_statue_hall
D:3:      layout_loops_ring, gammafunk_ghost_grave,
          chequers_serial_rivers_small_3
D:4:      layout_rooms, lemuel_doored_altar, minmay_temple_entry_tees,
          gammafunk_ghost_arena, serial_shops, shop, minivault_4,
          minmay_checkerbox, uniq_ijyb, uniq_blork_the_orc, uniq_sigmund
D:5:      layout_basic, chequers_jeans, eino_small_chamber_without_monster,
          hex_large, uniq_crazy_yiuf_cottage
D:6:      layout_loops_corners, kennysheep_mini, uniq_maggie
D:7:      layout_rooms, uniq_duvessa
D:8:      layout_gridville, gammafunk_ghost_split, minmay_misc_feat_tiny
D:9:      layout_roguey, eat_drink_and_be_merry_uskayaw, david_lair_generic,
          david_orc_4, uniq_pikel
D:10:     layout_loops_ring, grunt_temple_overflow_cloverleaf,
          gammafunk_ghost_split, serial_shops,
          nicolae_shop_pleasant_corner_grove
D:11:     layout_gridville, minmay_evil_grid
D:12:     layout_loops_corners, nicolae_trove_entry_isolated,
          hangedman_decor_diamond_cutter, reono_crystal_passage

Skill      XL: |  1  2  3  4  5  6  7  8  9 10 11 |
---------------+----------------------------------+-----
Fighting       | 4 5 6 7 8 10 12 13 | 13.1
Axes           | 4 5 6 7 8 10 12 13 | 13.1
Armour         | 3 5 8 10 11 | 11.4
Shields        | 1 3 4 5 6 |  6.1
Dodging        | |  2.1

Action                     |  1- 3 |  4- 6 |  7- 9 | 10-12 || total
---------------------------+-------+-------+-------+-------++-------
  Melee: Hand axe          |   106 |    84 |    18 |       ||   208
         Headbutt          |    13 |    14 |    28 |    36 ||    91
         War axe           |       |       |    14 |       ||    14
         Executioner's axe |       |       |   156 |   219 ||   375
         Broad axe         |       |       |     1 |       ||     1
 Invoke: Berserk           |       |     2 |     4 |     3 ||     9
    Use: Scroll            |     5 |       |    15 |     7 ||    27
 Armour: Animal skin       |     9 |       |       |       ||     9
         Scale mail        |    18 |    17 |       |       ||    35
         Chain mail        |       |    20 |    23 |       ||    43
         Plate armour      |       |       |   110 |   161 ||   271
  Dodge: Dodged            |    59 |    24 |    82 |   103 ||   268
  Block: Tower shield      |    28 |    68 |    15 |       ||   111
